 Dungeon Crawl Stone Soup version 0.20.0-15-g7f486f2 (webtiles) character file.

3146 Raukatau the Basher (level 9, -10/59 HPs)
             Began as a Gargoyle Fighter on June 26, 2017.
             Was an Elder of Okawaru.
             Mangled by a white ugly thing (34 damage)
             ... on level 7 of the Dungeon.
             The game lasted 00:38:22 (6599 turns).

Raukatau the Basher (Gargoyle Fighter)              Turns: 6599, Time: 00:38:23

Health: -10/59     AC: 25    Str: 20    XL:     9   Next: 93%
Magic:  7/9        EV:  8    Int: 10    God:    Okawaru [****..]
Gold:   324        SH:  7    Dex: 11    Spells: 8/8 levels left

rFire    + . .     SeeInvis .   a - +1 flail
rCold    . . .     Gourm    .   z - +0 buckler
rNeg     + . .     Faith    .   F - +0 plate armour
rPois    ∞         Spirit   .   e - +1 helmet
rElec    +         Reflect  .   u - +2 cloak
rCorr    .         Harm     .   (no gloves)
MR       .....                  (no boots)
Stlth    ..........             (no amulet)
Regen    0.2/turn               w - ring of wizardry
MPRegen  0.2/turn               y - ring of protection from fire

@: heroism
A: negative energy resistance 1, electricity resistance, unbreathing,
petrification resistance, rot immunity, AC +5
a: Heroism, Renounce Religion


You were on level 7 of the Dungeon.
You worshipped Okawaru.
Okawaru was greatly pleased with you.
You were near starving.

You visited 1 branch of the dungeon, and saw 7 of its levels.
You also visited: Ossuary.

You collected 324 gold pieces.

Inventory:

Hand Weapons
 a - a +1 flail (weapon)
 v - a +0 hunting sling
 D - a +0 blowgun
Missiles
 b - 4 needles of paralysis
 g - 36 sling bullets
 k - 134 stones (quivered)
 E - 7 curare-tipped needles
Armour
 c - a +0 shield
 e - a +1 helmet (worn)
 u - a +2 cloak (worn)
 z - a +0 buckler (worn)
 F - a +0 plate armour (worn)
Jewellery
 w - a ring of wizardry (left hand)
 y - a ring of protection from fire (right hand)
 O - an uncursed ring of protection from fire
Wands
 m - a wand of iceblast (6/15)
 C - a wand of flame (29/48)
 G - a wand of iceblast (4/15)
 Q - a wand of flame (5/48)
Scrolls
 i - 4 scrolls of remove curse
 n - 2 scrolls of identify
 q - 3 scrolls of teleportation
 A - 7 scrolls of recharging
 H - 2 scrolls of fear
 M - a scroll of enchant weapon
 P - a scroll of enchant armour
Potions
 d - 2 potions of might
 j - 5 potions of haste
 l - 4 potions of heal wounds
 o - 2 potions of flight
 r - 10 potions of curing
 x - a potion of lignification
 B - a potion of berserk rage {unknown}
 K - 3 potions of mutation
 L - a potion of brilliance {unknown}
Books
 t - Jessica's Papyrus of Enchantment
   (You found it on level 2 of the Dungeon)

   Spells                             Type                      Level
   a - Confusing Touch                Hexes                        1
   b - Corona                         Hexes                        1
Comestibles
 f - 5 bread rations
 p - a meat ration
 s - 3 royal jellies
 N - 4 fruits


   Skills:
 + Level 8.2(13.2) Fighting
 * Level 9.9(14.9) Maces & Flails
 - Level 3.2(8.2) Armour
 + Level 7.8(12.8) Shields


You had 8 spell levels left.
You didn't know any spells.

Dungeon Overview and Level Annotations

Branches:
Dungeon (7/15)             Temple (0/1) D:5

Altars:
Ashenzari
Cheibriados
Fedhas
Okawaru

Annotations:
D:2 Sigmund


Innate Abilities, Weirdness & Mutations

You are resistant to torment.
Your stone body is resilient. (AC +5)
You are immune to poison.
You resist negative energy. (rN+)
You are resistant to electric shocks. (rElec)
You can survive without breathing.
You are immune to petrification.
You are immune to rotting.


Message History

You hit the white ugly thing.
The white ugly thing is lightly wounded.
The white ugly thing headbutts you but does no damage.
You sock the white ugly thing!
The white ugly thing is lightly wounded.
The white ugly thing headbutts you but does no damage.
You completely miss the white ugly thing.
The white ugly thing is lightly wounded.
The white ugly thing headbutts you. The white ugly thing freezes you!!
You hit the white ugly thing.
The white ugly thing is moderately wounded.
Okay, then.
You barely miss the white ugly thing.
The white ugly thing is moderately wounded.
The white ugly thing headbutts you but does no damage.
You hit the white ugly thing but do no damage.
The white ugly thing is moderately wounded.
The white ugly thing headbutts you! The white ugly thing freezes you!!
Ouch! That really hurt!
You die...

..........######.###.##...#......
..........##.................####
..........######.######...#..#
..$.......# #.# #..(#..#
########### #.# #.#.#..####
,,,********* #[######.#>#......
,,,,,,,,,,,* ##).......#.#......
,,,,,,,,,,,* #........##.#..[##.
**,,,,,,,,,* #(@......##.#...##.
*,,,,,,,,,***#u).........#......
*,,,,,,,,,,,...(####.....#.####.
*,,,,,,,,,..(..(# #.......# #..
*,,,,,,,........# #####.### #..
*,,,,,,,........# #.# #..
*,,,,,,,........# ### #..
********#######.# #.. *,* ##.


You could see a white ugly thing.

Vanquished Creatures
  A hungry ghost (D:7)
  2 ice beasts
  An orc warrior (D:6)
  3 sky beasts
  A necrophage (D:7)
  4 ogres
  A centaur (D:5)
  Blork the orc (D:6)
  9 scorpions
  6 killer bees
  2 howler monkeys
  2 crimson imps
  A hound (D:5)
  A centaur zombie (D:6)
  4 human zombies (Ossuary)
  A jelly (D:5)
  2 orc priests
  8 orc wizards
  Crazy Yiuf (D:2)
  Jessica (D:2)
  2 iguanas
  2 worker ants
  A big kobold zombie (Ossuary)
  A hound skeleton (D:5)
  3 mummies (Ossuary)
  A worker ant zombie (D:5)
  Robin (D:3)
  7 adders
  3 gnolls (D:7)
  8 scorpion zombies (Ossuary)
  An ooze (D:7)
  An adder zombie (D:5)
  A worm (D:2)
  3 dart slugs
  3 leopard geckos
  29 orcs
  4 bats
  5 giant cockroaches
  16 goblins
  13 hobgoblins
  11 jackals
  13 kobolds
  8 quokkas
  A ball python (D:3)
  8 frilled lizards
  A gnoll zombie (Ossuary)
  A hobgoblin zombie (Ossuary)
  A kobold zombie (Ossuary)
  4 leopard gecko skeletons
  An orc zombie (Ossuary)
  10 rats
216 creatures vanquished.

Notes
Turn   | Place    | Note
-------+----------+-------------------------------------------
     0 | D:1      | Raukatau the Gargoyle Fighter began the quest for the Orb.
     0 | D:1      | Reached XP level 1. HP: 14/14 MP: 1/1
   298 | D:1      | Reached XP level 2. HP: 14/19 MP: 2/2
   639 | D:1      | Reached XP level 3. HP: 24/24 MP: 3/3
   914 | D:2      | Noticed Jessica
   920 | D:2      | Killed Jessica
   920 | D:2      | Reached skill level 3 in Maces & Flails
   920 | D:2      | Reached XP level 4. HP: 29/29 MP: 4/4
   937 | D:2      | Identified Jessica's Papyrus of Enchantment
   967 | D:2      | Found a runed door.
   971 | D:2      | Noticed Crazy Yiuf
   978 | D:2      | Killed Crazy Yiuf
  1250 | D:2      | Noticed Sigmund
  1250 | D:2      | Found an iron altar of Okawaru.
  1465 | D:2      | Became a worshipper of Warmaster Okawaru
  1665 | D:3      | Reached XP level 5. HP: 30/33 MP: 5/5
  2266 | D:3      | Noticed Robin
  2299 | D:3      | Killed Robin
  2306 | D:3      | Reached skill level 4 in Maces & Flails
  2885 | D:4      | Noticed an ogre
  2904 | D:4      | Killed an ogre
  2904 | D:4      | Reached skill level 5 in Fighting
  2904 | D:4      | Reached XP level 6. HP: 40/40 MP: 6/6
  3146 | D:5      | Entered Level 5 of the Dungeon
  3202 | D:5      | Found a staircase to the Ecumenical Temple.
  3308 | D:5      | Reached skill level 5 in Maces & Flails
  3313 | D:5      | Reached XP level 7. HP: 44/44 MP: 7/7
  3349 | D:5      | Reached * piety under Okawaru
  3349 | D:5      | Reached skill level 5 in Shields
  3505 | D:5      | Found a sand-covered staircase.
  3512 | Ossuary  | Entered an ossuary
  3532 | Ossuary  | Reached skill level 6 in Maces & Flails
  3678 | Ossuary  | Reached XP level 8. HP: 49/51 MP: 8/8
  3749 | Ossuary  | Reached ** piety under Okawaru
  3791 | Ossuary  | Reached skill level 7 in Maces & Flails
  4458 | D:5      | Reached skill level 8 in Maces & Flails
  4719 | D:6      | Reached *** piety under Okawaru
  4719 | D:6      | Reached XP level 9. HP: 17/57 MP: 9/9
  5047 | D:6      | Noticed Blork the orc
  5068 | D:6      | Killed Blork the orc
  5318 | D:6      | Found a shattered altar of Ashenzari.
  5320 | D:6      | Found a snail-covered altar of Cheibriados.
  5322 | D:6      | Found a blossoming altar of Fedhas.
  5393 | D:6      | Reached skill level 9 in Maces & Flails
  6101 | D:7      | Reached **** piety under Okawaru
  6588 | D:7      | Noticed a white ugly thing
  6599 | D:7      | Mangled by a white ugly thing

Skill      XL: |  1  2  3  4  5  6  7  8  9 |
---------------+----------------------------+-----
Fighting       | 4 5 7 8 |  8.2
Maces & Flails | 3 4 5 6 8 9 |  9.9
Shields        | 4 5 6 7 |  7.8
Armour         | |  3.2

Action                   |  1- 3 |  4- 6 |  7- 9 || total
-------------------------+-------+-------+-------++-------
Melee: Flail             |    91 |   255 |   610 ||   956
Throw: Stone             |       |       |     5 ||     5
Invok: Heroism           |       |       |     2 ||     2
Evoke: Wand              |       |       |     1 ||     1
  Use: Scroll            |     1 |     8 |    10 ||    19
       Potion            |       |     1 |     2 ||     3
  Eat: Chunk             |       |     7 |    10 ||    17
       Royal jelly       |       |     1 |       ||     1
       Fruit             |       |       |     2 ||     2
Armor: Scale mail        |    52 |    89 |       ||   141
       Plate armour      |       |    44 |   410 ||   454
Dodge: Dodged            |    28 |    86 |   103 ||   217
Block: Shield            |    50 |    24 |       ||    74
       Buckler           |       |    28 |   133 ||   161
